 Dungeon Crawl Stone Soup version 0.30-a0-154-gb106f4c828 (webtiles) character file.

Game seed: 4948643858815948357

17 Aibolit the Chopper (level 2, -2/27 HPs)
             Began as a Hill Orc Berserker on Sept 27, 2022.
             Was an Initiate of Trog.
             Slain by a goblin
             ... wielding a +0 club
              (4 damage)
             ... on level 2 of the Dungeon.
             The game lasted 00:02:56 (1033 turns).

Aibolit the Chopper (Hill Orc Berserker)            Turns: 1033, Time: 00:02:57

Health: -2/27      AC:  2    Str: 19    XL:     2   Next: 62%
Magic:  2/2        EV: 11    Int:  7    God:    Trog [......]
Gold:   37         SH:  0    Dex: 10    Spells: 1/1 levels left

rFire   . . .      SeeInvis .    a - +0 hand axe
rCold   . . .      Faith    .    (no shield)
rNeg    . . .      Spirit   .    b - +0 animal skin
rPois   .          Reflect  .    (no helmet)
rElec   .          Harm     .    (no cloak)
rCorr   .          Rampage  .    (no gloves)
Will    .....                    (no boots)
Stlth   +.........               (no amulet)
HPRegen 0.09/turn                (no ring)
MPRegen 0.08/turn                (no ring)

@: no status effects
A: no striking features
a: Renounce Religion


You were on level 2 of the Dungeon.
You worshipped Trog.
Trog was noncommittal.
You visited 1 branch of the dungeon, and saw 2 of its levels.

You collected 37 gold pieces.

Inventory:

Hand Weapons
 a - a +0 hand axe (weapon)
Armour
 b - a +0 animal skin (worn)
Scrolls
 c - a scroll of fear {unknown}
 d - a scroll of magic mapping {unknown}
 e - 2 scrolls of vulnerability {unknown}
 g - a scroll of immolation {unknown}
Potions
 f - a potion of magic {unknown}
 h - a potion of heal wounds {unknown}


   Skills:
 + Level 3.8 Fighting
 * Level 4.5 Axes
 * Level 2.7 Armour
 - Level 1.5 Dodging


You had one spell level left.
You didn't know any spells.
Your spell library was empty.

Dungeon Overview and Level Annotations

Branches:
Dungeon (2/15)

Altars:


Message History

The quokka barely misses you.
You hit the quokka but do no damage.
The quokka is heavily wounded.
The quokka barely misses you. The quokka bites you.
Nothing quivered!
Nothing quivered!
Nothing quivered!
You closely miss the quokka.
The quokka is lightly wounded.
The quokka bites you. The bat closely misses you.
Nothing quivered!
You closely miss the quokka.
The quokka is lightly wounded.
You hit the bat. You barely miss the goblin. The bat hits you.
The bat barely misses you. The quokka bites you.
The goblin hits you but does no damage.
Nothing quivered!
You miss the quokka.
The quokka is lightly wounded.
You closely miss the goblin. The bat barely misses you.
The quokka barely misses you. The goblin barely misses you.
The quokka bites you.
Nothing quivered!
You are too injured to fight recklessly!
Nothing quivered!
You are too injured to fight recklessly!
Nothing quivered!
The quokka attacks as you move away! The quokka bites you.
The quokka attacks as you move away! The quokka barely misses you.
The goblin attacks as you move away! The goblin hits you but does no damage.
You are too injured to fight recklessly!
You are too injured to fight recklessly!
You are too injured to fight recklessly!
You are too injured to fight recklessly!
You barely miss the goblin. The goblin hits you with a +0 club.
* * * LOW HITPOINT WARNING * * *
You closely miss the goblin. The goblin hits you with a +0 club.
* * * LOW HITPOINT WARNING * * *
You closely miss the goblin. The goblin hits you with a +0 club.
You die...

#........#
#.###.........#
###.######
#.............#
#.############..........#
#...........##........#..
###########.##....###+#..
... #.#####.......# #.#
#.# #.......#
######r####.# #.......#
#....gbg@...#####.......#
#...$.#######...........#
#.....# #....<.......[#
#.....# #.............#
#...)...# ###...........#
........# #####.......#
.....##.# #.._....# ....)
#.# ######### ..... #.#


You could see a quokka, a hobgoblin, a goblin and a bat.

Vanquished Creatures
  An endoplasm (D:2)
  A giant cockroach (D:2)
  2 goblins (D:2)
  A kobold (D:2)
  4 quokkas
  A ball python (D:2)
  2 bats (D:2)
  A frilled lizard (D:2)
  3 rats (D:2)
16 creatures vanquished.

Notes
Turn   | Place    | Note
-------+----------+-------------------------------------------
     0 | D:1      | Aibolit the Hill Orc Berserker began the quest for the Orb.
     0 | D:1      | Reached XP level 1. HP: 19/19 MP: 1/1
    94 | D:1      | You fall into a shaft and drop 1 floor!
   305 | D:2      | Found a faded altar of an unknown god.
   314 | D:2      | Reached XP level 2. HP: 27/27 MP: 2/2
  1033 | D:2      | Slain by a goblin

Illustrated notes

Levels and vault maps discovered:
D:1:      dpeg_arrival_arbitrary_a, layout_loops_corners
D:2:      layout_basic, basic_ecumenical_altar, minmay_tetromino_s2

Action                   || total
-------------------------++-------
Melee: Hand axe          ||    69
       Punch             ||     1
Invok: Berserk           ||     9
Armor: Animal skin       ||    15
Dodge: Dodged            ||    59

Table legend: (Time is in decaauts)
 A = Elapsed time spent in this place.
 B = Non-inter-level travel time spent in this place.
 C = Inter-level travel time spent in this place.
 D = Time resting spent in this place.
 E = Time spent auto-exploring this place.
 F = Levels seen in this place.
 G = Mean time per level.
                   A        B        C        D        E       F      G
               +--------+--------+--------+--------+--------+-----+--------+
         Total |   1128 |   1128 |      0 |    118 |    850 |   2 |  564.0 |
       Dungeon |   1128 |   1128 |      0 |    118 |    850 |   2 |  564.0 |
               +--------+--------+--------+--------+--------+-----+--------+

Top non-repeatable levels by time:
     D:2: 1023 daAuts
     D:1: 104 daAuts
